Unix NetHack Version 5.0.0-0 post-release - last build Jul 19 2026 19:10:59 (3aa4ab31751d3886436d94b585a96704892fd477,branch:main).

Game began 2026-07-30 20:45:42, ended 2026-07-31 01:25:03.

ChoHag, chaotic male human Monk

                                           -----
                                           ....|     ------
                              ------       |...|#####.....|
                              |....|       |...|#    |.....#   ----------
                              |.....#      |....#    ------##  |........|
                              |....|#      -|---            ###-........|
                              -.-.--##      #                  |........|
                               ###   #      ####               ----------
                              ###    ###       #
          -----------         # ############   #
          |..........####     #         #  ### #  [
          |.........|   #     #         #----.-.--.------
          |..<......|   ### --|-----     .......<.`.....|
          |.........|     # |......|  #  |..............|
          |..`.......#    f@a......|#####..............^.#####....
          -----------#      |.>....-##   --+-------------     |..|
                     #####   -------#                         |..|
                         ############                         ----

ChoHag the Initiate             St:25 Dx:16 Co:17 In:9 Wi:13 Ch:13  Chaotic S:23955
Dlvl:10 $:0  HP:0(95) Pw:28(28) AC:-4 Xp:9/4588 T:13108  Fainting Fly

Latest messages:
 The giant ant misses!
 The giant ant bites!
 The giant ant misses!
 The giant ant bites!
 The giant ant bites!
 The giant ant bites!
 The giant ant bites!
 The giant ant bites!
 The giant ant bites!
 The giant ant bites!
 The giant ant misses!
 The giant ant bites!
 The giant ant bites!
 The giant ant bites!
 The giant ant bites!
 The giant ant bites!
 The giant ant just misses!
 The giant ant bites!
 The giant ant bites!
 The giant ant bites!
 The giant ant bites!
 The giant ant bites!
 The giant ant misses!
 The giant ant bites!
 The giant ant bites!
 The giant ant bites!
 The giant ant just misses!
 The giant ant bites!
 The giant ant bites!
 The giant ant misses!
 The giant ant bites!
 The giant ant just misses!
 The giant ant bites!
 The giant ant just misses!
 The giant ant bites!
 The giant ant bites!
 The giant ant bites!
 The giant ant bites!
 The giant ant bites!
 The giant ant misses!
 The giant ant misses!
 The giant ant misses!
 The giant ant bites!
 The giant ant just misses!
 The giant ant misses!
 The giant ant bites!
 The giant ant bites!
 The giant ant misses!
 The giant ant bites!
 You die...

Inventory:
 Amulets  ('"')
  L - an uncursed amulet of flying (being worn)
 Armor    ('[')
  t - an uncursed +0 dwarvish iron helm (being worn)
  v - a blessed +0 pair of speed boots (being worn)
  D - an uncursed +0 pair of gauntlets of power (being worn)
  O - an uncursed +1 robe (being worn)
 Rings    ('=')
  j - an uncursed +1 ring of protection (on left hand)
 Wands    ('/')
  n - a wand of striking (0:6)
  r - a wand of magic missile (0:4)
  u - a wand of digging (0:8)
  I - a wand of stasis (0:3)
  Y - a cursed wand of lightning (0:5)
 Tools    ('(')
  b - an uncursed bag of holding containing 35 items
  m - an uncursed leash
  p - an uncursed mirror
  H - a bag of tricks (0:18)
  M - a +0 unicorn horn
 Gems/Stones  ('*')
  C - an uncursed luckstone

Contents of the bag of holding:
  4993 gold pieces
  a +0 dagger
  a +0 elven dagger
  an uncursed cheese
  2 uncursed food rations
  an uncursed fortune cookie
  2 uncursed lembas wafers
  an uncursed lembas wafer
  an uncursed sprig of wolfsbane
  2 uncursed lizard corpses
  an uncursed scroll of confuse monster
  3 uncursed scrolls of earth
  2 uncursed scrolls of identify
  an uncursed scroll of light
  an uncursed scroll of magic mapping
  an uncursed scroll of remove curse
  a blessed scroll of teleportation
  an uncursed spellbook of confuse monster
  an uncursed spellbook of fireball
  an uncursed spellbook of force bolt
  an uncursed potion of acid
  an uncursed potion of blindness
  an uncursed potion of confusion
  a blessed potion of extra healing
  an uncursed potion of extra healing
  an uncursed potion of fruit juice
  an uncursed potion of hallucination
  a cursed ring of conflict
  an uncursed ring of poison resistance
  a wand of locking (0:3)
  a wand of magic missile (0:5)
  an uncursed credit card
  an uncursed partly used tallow candle
  a cursed tallow candle
  an uncursed towel

ChoHag the Monk's attributes:

Background:
 You were an Initiate, a level 9 male human Monk.
 You were chaotic, on a mission for Huan Ti
 who was opposed by Shan Lai Ching (lawful) and Chih Sung-tzu (neutral).
 You were right-handed.
 You were in the Dungeons of Doom, on level 10.
 You entered the dungeon 13108 turns ago.
 It was nighttime.
 There was a full moon in effect when your adventure ended.
 You had 4588 experience points, 532 more were needed to attain level 10.
 Your score was 23955 before end-of-game adjustments.

Basics:
 You had 0 out of 95 hit points.
 You had all 28 energy points (spell power).
 Your armor class was -4.
 Your wallet was empty, but
 you had 4993 zorkmids stashed away in your pack.
 Autopickup was off.

Final Characteristics:
 Your strength was 25 (base:16, innate limit:18/100).
 Your dexterity was 16 (limit:18).
 Your constitution was 17 (limit:18).
 Your intelligence was 9 (limit:18).
 Your wisdom was 13 (limit:18).
 Your charisma was 13 (limit:18).

Final Status:
 You were flying.
 You were fainting due to starvation.
 You were unencumbered.
 You were empty handed.
 You had expert skill with martial arts.

Final Attributes:
 You were piously aligned.
 You were sleep resistant.
 You were poison resistant.
 You saw invisible.
 You were warned.
 You had automatic searching.
 You were stealthy.
 You had a moderate defense bonus (+7).
 You were protected.
 Your spell casting was enhanced by wearing a robe.
 You were very fast.
 You were lucky.
 You had extra luck.
 Bad luck did not time out for you.
 Good luck did not time out for you.
 You are dead.

Miscellaneous:
 You didn't encounter any bones levels.
 Total elapsed playing time was 4 hours, 39 minutes and 20 seconds.

Major events:
 Turn
    1: ChoHag the chaotic male human Monk entered the dungeon
 1047: entered the Gnomish Mines
 2815: entered Sokoban
 3170: completed 1st Sokoban level
 3489: completed 2nd Sokoban level
 3929: completed 3rd Sokoban level
 5820: reached Mine Town
 5952: attained the rank of Novice (level 3)
 6574: attained the rank of Initiate (level 6)
 7242: acquired the Mines' End luckstone
12346: completed 4th Sokoban level
12612: acquired the Sokoban bag of holding
13108: killed by a giant ant, while frozen by a floating eye's gaze

Spells:
 Name                 Level Category     Fail Retention
 protection             1   clerical       0%   26%-50%
 fireball               4   attack        98%   26%-50%

Skills:
 Fighting Skills
   martial arts       [Expert]
 Weapon Skills
   quarterstaff       [Unskilled]
   spear              [Unskilled]
   crossbow           [Unskilled]
   shuriken           [Unskilled]
 Spellcasting Skills
   attack spells      [Unskilled]
   healing spells     [Basic]
   divination spells  [Unskilled]
   enchantment spells [Unskilled]
   clerical spells    [Unskilled]
   escape spells      [Unskilled]
   matter spells      [Unskilled]

Voluntary challenges:
 Character rerolling was not enabled.
 You were vegetarian.
 You never hit with a wielded weapon.
 You never genocided any monsters.
 You never polymorphed an object.
 You used no wishes.
 You did not violate any of the special Sokoban rules.
Achievements:
 You entered a shop.
 You entered the Gnomish Mines.
 You entered Sokoban.
 You entered Minetown.
 You entered a temple.
 You attained the rank of Novice.
 You attained the rank of Initiate.
 You completed the Gnomish Mines.
 You completed Sokoban.

 The Dungeons of Doom: levels 1 to 11
    Level 1: "vault"
    Level 2:
       A sink, a grave.
    Level 3:
       A general store.
    Level 4:
       Some fountains.
       Stairs down to The Gnomish Mines.
    Level 5:
       A potion shop.
    Level 6: "vault"
       A sink.
    Level 7: "X"
       A grave.
    Level 8:
       A fountain.
    Level 9:
       Some fountains.
    Level 10: "unvault" <- You were here.
       Stairs up to Sokoban, level 9.
       Final resting place for
          you, killed by a giant ant, while frozen by a floating eye's gaze.
    Level 11:
 The Gnomish Mines: levels 5 to 12
    Level 5:
    Level 6:
    Level 7: "pile"
       Many shops, a temple and an altar to Huan Ti, some fountains, a sink.
    Level 8:
    Level 9:
    Level 10: "RIP Joe?"
    Level 11: "stash"
    Level 12:
 Sokoban: levels 9 up to 6
    Level 6:
       Solved.
    Level 7:
       Solved.
    Level 8:
       Solved.
    Level 9: "stoned stash"
       Solved.


Vanquished creatures:
  2 giant mimics
  2 large mimics
  2 small mimics
 an ogre leader
  2 quantum mechanics
  a gelatinous cube
  2 tengu
 an elf mummy
  a leather golem
  4 watchmen
  a chameleon
  a crocodile
  2 giant beetles
  a quivering blob
  4 winter wolf cubs
  4 leprechauns
 an iron piercer
  a mumak
  a giant spider
  a scorpion
  a horse
 an ice vortex
  a black light
  a vampire bat
  3 gnome rulers
  2 orc mummies
  a rust monster
  2 owlbears
  6 lizards
  a dingo
  2 jaguars
  a dwarf leader
  a white unicorn
  3 ravens
  a gnome mummy
  a Woodland-elf
  4 soldier ants
  5 fire ants
  2 bugbears
  a wood nymph
  2 mountain nymphs
  4 rock piercers
  5 rock moles
  2 ponies
  2 fog clouds
  3 yellow lights
  a shrieker
  2 violet fungi
 18 gnome leaders
  6 gnomish wizards
  a gray ooze
  5 elf zombies
  2 straw golems
  a giant ant
  a little dog
  3 floating eyes
 19 dwarves
  2 homunculi
  2 kobold leaders
  a hill orc
 11 rothes
  a rabid rat
  a centipede
  2 giant bats
  5 monkeys
 an orc zombie
  2 wererats
  a werejackal
  6 iguanas
  4 killer bees
  3 acid blobs
  2 coyotes
  2 gas spores
  7 hobbits
  9 manes
  3 large kobolds
  5 hobgoblins
  7 giant rats
  2 cave spiders
  2 brown molds
  5 yellow molds
  3 green molds
  a red mold
 67 gnomes
  2 garter snakes
  6 gnome zombies
  8 geckos
 15 jackals
  a fox
  a kobold
  5 goblins
  2 sewer rats
  3 grid bugs
  5 bats
  2 lichens
  3 kobold zombies
  7 newts
369 creatures vanquished.

No species were genocided or became extinct.

Game over:
                       ----------
                      /          \
                     /    REST    \
                    /      IN      \
                   /     PEACE      \
                  /                  \
                  |      ChoHag      |
                  |     4993 Au      |
                  |   killed by a    |
                  |    giant ant     |
                  |                  |
                  |                  |
                  |       2026       |
                 *|     *  *  *      | *
        _________)/\\_//(\/(/\)/\//\/|_)_______

Goodbye ChoHag the Monk...

You died in The Dungeons of Doom on dungeon level 10 with 23456 points,
and 4993 pieces of gold, after 13108 moves.
You were level 9 with a maximum of 95 hit points when you died.

